 Dungeon Crawl Stone Soup version 0.27.1-33-g824d729ab1 (webtiles) character file.

Game seed: 13053374099379165750

7 Descartes the Magician (level 1, -2/13 HPs)
             Began as a Deep Elf Wanderer on Dec 10, 2021.
             Slain by a hobgoblin (5 damage)
             ... on level 1 of the Dungeon.
             The game lasted 00:01:31 (631 turns).

Descartes the Magician (Deep Elf Wanderer)           Turns: 631, Time: 00:01:32

Health: -2/13      AC:  2    Str:  8    XL:     1   Next: 91%
Magic:  6/6        EV: 12    Int: 17    God:
Gold:   0          SH:  0    Dex: 14    Spells: 6/6 levels left

rFire    . . .     SeeInvis .   a - +0 dagger
rCold    . . .     Faith    .   (no shield)
rNeg     . . .     Spirit   .   d - +0 robe
rPois    .         Reflect  .   (no helmet)
rElec    .         Harm     .   (no cloak)
rCorr    .         Rampage  .   (no gloves)
Will     .....                  (no boots)
Stlth    ++........             (no amulet)
HPRegen  0.04/turn              (no ring)
MPRegen  0.10/turn              (no ring)

@: no status effects
A: no striking features
a: no special abilities


You were on level 1 of the Dungeon.
You visited 1 branch of the dungeon, and saw 1 of its levels.

Inventory:

Hand Weapons
 a - a +0 dagger (weapon)
Armour
 d - a +0 robe (worn)
Scrolls
 e - a scroll of fear
Potions
 b - a potion of heal wounds
 c - a potion of curing
 f - a potion of haste {unknown}


   Skills:
 - Level 2.4 Fighting
 + Level 0.5 Short Blades
 - Level 1.0 Throwing
 + Level 1.6 Dodging
 + Level 1.6 Stealth
 - Level 1.0 Unarmed Combat
 - Level 3.0 Spellcasting
 + Level 0.6 Transmutations
 - Level 1.1 Ice Magic


You had 6 spell levels left.
You didn't know any spells.
Your spell library contained the following spells:

 Spells                   Type           Power      Damage    Failure   Level
 Wereblood                Tmut           4%         N/A       21%         2
 Passwall                 Tmut/Erth      2%         N/A       22%         2


Dungeon Overview and Level Annotations

Branches:
Dungeon (1/15)

Altars:


Message History

You hit the giant cockroach but do no damage.
The giant cockroach is severely wounded.
The giant cockroach barely misses you.
You hit the giant cockroach.
You kill the giant cockroach!
No target in view!
No target in view!
No target in view!
No target in view!
No target in view!
No target in view!
A hobgoblin comes into view.
The hobgoblin shouts!
You barely miss the hobgoblin. The hobgoblin barely misses you.
You hit the hobgoblin but do no damage. The hobgoblin misses you.
You closely miss the hobgoblin.
The hobgoblin hits you but does no damage.
You barely miss the hobgoblin. The hobgoblin hits you.
You barely miss the hobgoblin. The hobgoblin closely misses you.
You hit the hobgoblin.
The hobgoblin is moderately wounded.
The hobgoblin hits you.
You are too injured to fight recklessly!
You are too injured to fight recklessly!
You are too injured to fight recklessly!
You are too injured to fight recklessly!
You are too injured to fight recklessly!
You are too injured to fight recklessly!
You are too injured to fight recklessly!
You are too injured to fight recklessly!
You are too injured to fight recklessly!
A hobgoblin is nearby!
You barely miss the hobgoblin.
The hobgoblin is moderately wounded.
The hobgoblin hits you.
* * * LOW HITPOINT WARNING * * *
You hit the hobgoblin.
The hobgoblin is severely wounded.
The hobgoblin hits you.
You die...

#>#####.##..[.........
#...........##########
####.#####.............
...........####.#######
#.......# #.# ####.####
#.# #....# #.# ##g..#
### #@..# #...# #...#
#†..#.... #...#####
#...# #...# #...# #...#


You could see a hobgoblin.

Vanquished Creatures
  3 giant cockroaches (D:1)
  2 jackals (D:1)
  A rat (D:1)
6 creatures vanquished.

Notes
Turn   | Place    | Note
-------+----------+-------------------------------------------
     0 | D:1      | Descartes the Deep Elf Wanderer began the quest for the
                  | Orb.
     0 | D:1      | Descartes set off with the following items: a +0 dagger, a
                  | potion of heal wounds, a potion of curing, a +0 robe, a
                  | scroll of fear; and the following spells available to
                  | memorise: Passwall, Wereblood
     0 | D:1      | Reached XP level 1. HP: 13/13 MP: 6/6
   631 | D:1      | Slain by a hobgoblin

Illustrated notes

Levels and vault maps discovered:
D:1:      dpeg_arrival_short_road, layout_loops_ring, serial_co_window_serial,
          co_window_of_opportunity_a, co_window_paths_b, co_window_paths_a,
          co_window_paths_a, co_window_paths_a, co_window_broadway_c,
          co_window_of_opportunity_b, co_window_paths_c, co_window_cross_4,
          co_window_cross_3, co_window_of_opportunity_c, co_window_4corner_b,
          glass_columns_b, glass_columns_c

Action                   || total
-------------------------++-------
Melee: Dagger            ||    72
 Stab: Sleeping          ||     2
Armor: Robe              ||    17
Dodge: Dodged            ||    47
